 Dungeon Crawl Stone Soup version 0.18.1-50-g88ac8fd (webtiles) character file.

296 kengeki the Skirmisher (level 6, -7/84 HPs)
             Began as a Hill Orc Fighter on Oct 3, 2016.
             Mangled by an ogre
             ... wielding a +0 giant club
              (13 damage)
             ... on level 4 of the Dungeon.
             The game lasted 00:25:44 (3529 turns).

kengeki the Skirmisher (Hill Orc Fighter)           Turns: 3529, Time: 00:25:44

Health: -7/84      AC: 23    Str: 21      XL:     6   Next: 35%
Magic:  6/6        EV:  2    Int:  8      God:
Gold:   172        SH:  9    Dex:  9 (10) Spells: 0 memorised, 5 levels left

rFire  . . .     SeeInvis .     a - +1 war axe
rCold  . . .     Gourm    .     (armour currently unavailable)
rNeg   + + +     Faith    .     c - +0 shield
rPois  +         Spirit   .     (helmet currently unavailable)
rElec  .         Dismiss  .     (cloak currently unavailable)
rCorr  .         Reflect  .     (gloves currently unavailable)
SustAt .         Harm     .     (boots currently unavailable)
MR     .....     NoTele   +     (no amulet)
Stlth  +.........               (no ring)
                                (no ring)

@: tree-form, not resistant to hostile enchantments, very unstealthy
A: no striking features
a: no special abilities


You were on level 4 of the Dungeon.
You were not hungry.
You were a tree.
You visited 1 branch of the dungeon, and saw 4 of its levels.

You collected 172 gold pieces.

Inventory:

Hand Weapons
 a - a +1 war axe (weapon)
 b - a +2 dagger of draining
 e - a +0 dagger
 h - a +0 spear
 m - a +0 hunting sling
Missiles
 l - 11 arrows
 o - 19 sling bullets (quivered)
Armour
 c - a +0 shield (worn)
 g - a +0 scale mail (melded)
 k - a +1 helmet (melded)
Wands
 i - a wand of polymorph (8/24)
Scrolls
 n - a scroll of identify
 p - 2 scrolls of immolation
Potions
 d - a potion of might
 q - a potion of brilliance
 s - a potion of curing
Books
 t - a Young Poisoner's Handbook

   Spells                             Type                      Level
   a - Sting                          Conjuration/Poison           1
   b - Cure Poison                    Poison                       2
   c - Mephitic Cloud                 Conjuration/Poison/Air       3
   d - Olgreb's Toxic Radiance        Poison                       4
   e - Venom Bolt                     Conjuration/Poison           5
Comestibles
 f - 2 bread rations
 r - 3 chunks of flesh


   Skills:
 + Level 5.0 Fighting
 + Level 4.7 Axes
 + Level 4.8 Armour
 + Level 4.7 Shields


You had 5 spell levels left.
You didn't know any spells.

Dungeon Overview and Level Annotations

Branches:
Dungeon (4/15)
 Temple: D:4-7

Altars:

Annotations:
D:2 Grinder


Message History

You hit the giant frog skeleton.
You destroy the giant frog skeleton!
You feel your dexterity returning.
You slash the ogre!
The ogre is moderately wounded.
The ogre hits you with a giant club!!
Your shield and scale mail prevent you from hitting the ogre.
The ogre is moderately wounded.
The ogre hits you with a giant club!
You hit the ogre but do no damage.
The ogre is moderately wounded.
The ogre hits you with a giant club!
* * * LOW HITPOINT WARNING * * *
Read which item? (? for menu, Esc to quit)
Okay, then.
Drink which item? (? for menu, Esc to quit)
You turn into a tree.
Your +1 helmet melds into your body.
Your +0 scale mail melds into your body.
Your roots penetrate the ground.
The ogre hits you with a giant club!
You die...

#.....)........ .......
#............... .......
#....##...##...# .......
#.)).##...##...# .......
#..<.##...##...# .....#
#....####'##...##.....##
#..........#...#........
#..........#...#......#
#..........#..♣O......#
#.........##...##......#
#.........##...# ......#
#..........#...# ......#
#..........#...# .....##
#..........'...##.....#
#....##...##<...#?.....
#....#######....#
#.....# #.....#


You could see an ogre.

Vanquished Creatures
  A giant frog skeleton (D:4)
  2 orc priests (D:4)
  An orc wizard (D:3)
  Natasha (twice) (D:2)
  Terence (D:3)
  2 adders
  An ooze (D:3)
  2 worms
  A dart slug (D:1)
  A giant gecko (D:2)
  5 orcs
  4 bats
  A giant cockroach (D:1)
  8 goblins
  17 hobgoblins
  12 kobolds
  A ball python (D:3)
  6 giant newts
  11 rats
79 creatures vanquished.

Notes
Turn   | Place    | Note
--------------------------------------------------------------
     0 | D:1      | kengeki the Hill Orc Fighter began the quest for the Orb.
     0 | D:1      | Reached XP level 1. HP: 19/19 MP: 1/1
    87 | D:1      | Reached XP level 2. HP: 26/27 MP: 2/2
   136 | D:1      | Reached skill level 4 in Fighting
   204 | D:1      | Reached XP level 3. HP: 15/33 MP: 3/3
   931 | D:2      | Noticed Natasha
   942 | D:2      | Killed Natasha
   942 | D:2      | Reached XP level 4. HP: 29/41 MP: 4/4
   960 | D:2      | Noticed Natasha
   966 | D:2      | Killed Natasha
  1554 | D:2      | Reached XP level 5. HP: 47/47 MP: 5/5
  1992 | D:3      | Noticed Grinder
  2351 | D:2      | Paralysed by Grinder for 2 turns
  2811 | D:3      | Noticed Terence
  2824 | D:3      | Killed Terence
  2869 | D:3      | Noticed a phantom
  3337 | D:4      | Reached skill level 5 in Fighting
  3337 | D:4      | Reached XP level 6. HP: 34/56 MP: 6/6
  3529 | D:4      | Mangled by an ogre

Skill      XL: |  1  2  3  4  5 |
---------------+----------------+-----
Fighting       | 4 5 |  5.0
Axes           | 3 4 |  4.7
Armour         | 4 |  4.8
Shields        | 4 |  4.7

Action                   |  1- 3 |  4- 6 || total
-------------------------+-------+-------++-------
Melee: War axe           |   127 |   140 ||   267
  Use: Scroll            |     3 |     8 ||    11
       Potion            |     2 |     3 ||     5
  Eat: Chunk             |       |     4 ||     4
       Bread ration      |       |     1 ||     1
Armor: Scale mail        |    48 |    54 ||   102
Dodge: Dodged            |    24 |    35 ||    59
Block: Shield            |    66 |    49 ||   115
